 Dungeon Crawl Stone Soup version 0.27.1-33-g824d729ab1 (webtiles) character file.

Game seed: 8436755628812984432

22048 rvierbuc the Fencer (level 12, -7/110 HPs)
             Began as a Minotaur Berserker on Dec 6, 2021.
             Was a High Priest of Trog.
             Splashed by an oklob plant's acid (14 damage)
             ... on level 2 of the Lair of Beasts.
             The game lasted 00:52:50 (12493 turns).

rvierbuc the Fencer (Minotaur Berserker)           Turns: 12493, Time: 00:52:50

Health: -7/110     AC:  4    Str: 33    XL:     12   Next: 59%
Magic:  11/11      EV: 24    Int:  4    God:    Trog [*****.]
Gold:   516        SH:  0    Dex: 10    Spells: 11/11 levels left

rFire    . . .     SeeInvis .   y - +7 Screaming Sword {vorpal, sonic wave}
rCold    . . .     Faith    .   (no shield)
rNeg     . . .     Spirit   .   E - +0 plate armour
rPois    .         Reflect  .   Q - +1 hat
rElec    .         Harm     .   (no cloak)
rCorr    .         Rampage  .   (no gloves)
Will     .....                  (no boots)
Stlth    ..........             g - amulet of the acrobat
HPRegen  0.28/turn              G - +6 ring of strength
MPRegen  0.12/turn              Y - +4 ring of slaying

@: corroded, acrobatic, very slow
A: horns 2, retaliatory headbutt
a: Renounce Religion, Berserk, Trog's Hand, Brothers in Arms


You were on level 2 of the Lair of Beasts.
You worshipped Trog.
Trog was extremely pleased with you.
You visited 2 branches of the dungeon, and saw 11 of its levels.

You collected 723 gold pieces.
You spent 207 gold pieces at shops.

Inventory:

Hand Weapons
 r - a +0 flail of draining
 s - the +9 long sword "Demonslayer" {protect, rElec rC+ Int-5 Dex+2}
   (You found it on level 4 of the Dungeon)

   It grants its wielder temporary protection when it strikes (+7 to AC).
   Int:       It affects your intelligence (-5).
   Dex:       It affects your dexterity (+2).
   rC:        It protects you from cold.
   rElec:     It insulates you from electricity.
 y - the +7 Screaming Sword (weapon) {vorpal, sonic wave}
   (You found it on level 5 of the Dungeon)

   It inflicts extra damage upon your enemies.
   It radiates damaging sonic waves as it strikes, especially in combat
   involving dangerous or numerous foes.
 D - a +1 vorpal flail
 F - the +5 rapier "Mewyu" {flame, Fragile rN+++ rCorr Str-2}
   (You bought it in a shop on level 8 of the Dungeon)

   It burns those it strikes, dealing additional fire damage.
   Str:       It affects your strength (-2).
   rN:        It renders you almost immune to negative energy.
   rCorr:     It protects you from acid and corrosion.
   Fragile:   It will be destroyed if unequipped.
 I - a +3 scimitar of flaming
 O - a +7 great sword
 R - a +0 broad axe
 Z - the +4 quarterstaff of Soleq {holy, rN+}
   (You found it on level 2 of the Lair of Beasts)

   It has been blessed by the Shining One to cause great damage to the undead
   and demons.
   rN:        It protects you from negative energy.
Missiles
 f - 3 boomerangs of dispersal
 w - 15 boomerangs (quivered)
 K - a throwing net
 S - 4 curare-tipped darts
Armour
 E - a +0 plate armour (worn)
 J - a +3 scale mail of willpower
 Q - a +1 hat (worn)
Jewellery
 a - a +4 ring of protection
 g - an amulet of the acrobat (around neck)
 u - a ring of ice
 z - a ring of magical power
 B - a ring of fire
 C - a ring of willpower
 G - a +6 ring of strength (left hand)
 W - a ring of protection from cold
 Y - a +4 ring of slaying (right hand)
Wands
 o - a wand of digging (6)
 M - a wand of acid (9)
 T - a wand of paralysis (15)
 X - a wand of charming (8)
Scrolls
 c - 2 scrolls of magic mapping
 h - 2 scrolls of noise {unknown}
 l - 5 scrolls of teleportation
 m - a scroll of brand weapon {unknown}
 n - 6 scrolls of enchant weapon
 p - 7 scrolls of enchant armour {unknown}
 t - a scroll of torment {unknown}
 x - 3 scrolls of vulnerability {unknown}
 A - a scroll of immolation {unknown}
 H - a scroll of holy word {unknown}
 L - 2 scrolls of amnesia {unknown}
 N - a scroll of acquirement {unknown}
 V - a scroll of summoning {unknown}
Potions
 b - 4 potions of ambrosia
 d - 2 potions of flight
 e - 6 potions of curing
 i - a potion of lignification
 j - a potion of attraction
 k - 4 potions of heal wounds
 q - a potion of berserk rage
 v - a potion of haste
 U - 3 potions of cancellation
Miscellaneous
 P - a piece from Xom's chessboard (15/15)


   Skills:
 * Level 11.3 Fighting
 * Level 15.0 Long Blades
 * Level 11.3 Axes
 * Level 12.4 Armour
 + Level 3.1 Dodging


You had 11 spell levels left.
You didn't know any spells.
Your spell library was empty.

Dungeon Overview and Level Annotations

Branches:
Dungeon (9/15)             Temple (0/1) D:7            Lair (2/6) D:9
  Swamp (0/4) Lair:2          Orc (0/2) D:9
  Snake: Lair:2-4    Spider: Lair:2-4

Altars:
Kikubaaqudgha
Okawaru
Yredelemnul

Shops:
D:2 :   D:8 ::[(

Annotations:
Lair:2 exclusion: 2 oklob plants


Innate Abilities, Weirdness & Mutations

You have a pair of horns on your head.
You reflexively headbutt those who attack you in melee.


Message History

There is an open door here.
You see here 21 stones.
There is an open door here.
Partly explored, can't reach some places.
Partly explored, can't reach some places.
Things that are here:
a +3 scimitar of flaming; a +0 robe of cold resistance Really walk into a travel-excluded area?
Uppercase [Y]es or [N]o only, please.
Really walk into a travel-excluded area? [Y]es or [N]o only, please.
Really walk into a travel-excluded area?
Okay, then.
There is a stone staircase leading down here.
You see here 20 stones.
Really walk into a travel-excluded area?
Found 17 stones.
Why would you want to do that? Why would you want to do that?
You enter the shallow water.
Moving in this stuff is going to be slow.
The oklob plant spits acid at you. The splash of acid hits you.
The acid corrodes you!
You are splashed with acid!
Really walk into a travel-excluded area?
The oklob plant spits acid at you. The splash of acid hits you!
The acid corrodes you!
You are splashed with acid!
The oklob plant spits acid at you. The splash of acid hits you!
You are splashed with acid!
The oklob plant spits acid at you. The splash of acid hits you.
The acid corrodes you!
You are splashed with acid!
The oklob plant spits acid at you. The splash of acid hits you.
You are splashed with acid!
* * * LOW HITPOINT WARNING * * *
The oklob plant spits acid at you. The splash of acid misses you.
The oklob plant spits acid at you. The splash of acid hits you!
* * * LOW HITPOINT WARNING * * *
You are splashed with acid!
You die...

#... ≈≈≈≈≈≈≈...#.#....#.# ....
≈≈≈≈≈≈≈≈...#..#.#..#
...≈≈≈≈≈≈≈≈≈.....#..#....
....≈≈≈≈≈≈≈≈.....#.#.#.#.
...≈≈≈##≈≈≈≈......#.....#
....≈≈##≈≈≈≈≈....#.##.#..
...≈≈≈≈≈≈≈≈≈....#....#...
#..≈≈≈≈≈≈≈≈...#......#.#
#..P≈≈≈≈@≈≈≈.............
....≈≈≈≈≈≈≈≈≈............
...≈≈≈≈≈##≈≈.............
≈≈≈≈≈≈≈≈##≈≈####.........
#≈≈≈≈≈≈≈≈≈≈≈≈≈≈≈≈≈≈##............
#≈≈≈≈##≈≈≈≈≈≈≈(P≈≈≈≈##...........
#≈≈≈≈##≈≈≈≈≈≈≈P[≈≈≈##............
#≈≈≈≈≈≈≈≈≈≈##≈≈≈≈≈≈###.:..)......
#≈≈≈≈≈≈≈≈≈≈##≈≈≈≈≈####...........


You could see 2 oklob plants.

Vanquished Creatures
  Harold (D:8)
  Erica (Lair:2)
  A two-headed ogre (D:9)
  Sonja (Lair:1)
  A manticore (Lair:2)
  An elephant (Lair:2)
  A black mamba (Lair:1)
  A torpor snail (Lair:2)
  3 cane toads (Lair:1)
  Maggie (Lair:2)
  3 komodo dragons (Lair:1)
  A queen bee (Lair:2)
  A tyrant leech (Lair:2)
  A polar bear (Lair:2)
  Sigmund (D:4)
  2 shadows (D:9)
  7 wyverns
  4 basilisks (Lair:2)
  21 yaks
  Grum (Lair:1)
  A steam dragon (D:7)
  2 swamp worms (Lair:2)
  Menkaure (D:5)
  Edmund (D:4)
  16 water moccasins
  2 ice beasts
  2 orc warriors
  A sky beast (D:7)
  4 black bears
  6 ogres
  8 necrophages
  11 wolves
  5 centaurs
  A phantom (D:9)
  A kobold brigand (D:9)
  A gnoll sergeant (D:9)
  12 bullfrogs
  9 scorpions
  A wyvern skeleton (D:7)
  A troll zombie (D:9)
  37 killer bees
  6 wights (D:8)
  5 howler monkeys
  5 centaur zombies
  4 jellies
  A bullfrog skeleton (D:7)
  3 hounds
  2 centaur skeletons
  3 iguanas
  6 orc wizards
  A killer bee zombie (D:8)
  7 ogre zombies (D:9)
  A hound skeleton (D:5)
  A howler monkey zombie (D:8)
  2 mummies
  5 gnolls
  9 adders
  2 shadow imps
  4 white imps
  2 ufetubi
  2 adder skeletons (D:4)
  3 dart slugs
  22 orcs
  11 bats
  3 endoplasms
  3 giant cockroaches
  4 hobgoblins
  5 quokkas
  8 ball pythons
  4 frilled lizards
  12 goblins
  4 goblin skeletons (D:9)
  A hobgoblin skeleton (D:9)
  A hobgoblin zombie (D:9)
  8 kobolds
  2 orc skeletons (D:9)
  17 orc zombies (D:9)
  13 rats
369 creatures vanquished.

Vanquished Creatures (others)
  29 fungi
  28 plants
  11 withered plants (D:8)
68 creatures vanquished.

Grand Total: 437 creatures vanquished

Notes
Turn   | Place    | Note
-------+----------+-------------------------------------------
     0 | D:1      | rvierbuc the Minotaur Berserker began the quest for the
                  | Orb.
     0 | D:1      | Reached XP level 1. HP: 19/19 MP: 0/0
   353 | D:1      | Reached XP level 2. HP: 20/27 MP: 1/1
  1014 | D:2      | Found Qihi Jyd's Book Shop.
  1032 | D:2      | Found a faded altar of an unknown god.
  1153 | D:2      | Reached XP level 3. HP: 25/33 MP: 2/2
  1357 | D:2      | Reached ** piety under Trog
  2068 | D:3      | Noticed an ogre
  2073 | D:3      | Killed an ogre
  2074 | D:3      | Reached skill level 5 in Axes
  2074 | D:3      | Reached XP level 4. HP: 41/41 MP: 3/3
  2074 | D:3      | Reached XP level 5. HP: 47/47 MP: 4/4
  2358 | D:3      | Reached skill level 5 in Fighting
  2746 | D:4      | Noticed Edmund
  2753 | D:4      | Killed Edmund
  2754 | D:4      | Reached XP level 6. HP: 56/56 MP: 5/5
  2877 | D:4      | Noticed Sigmund
  2892 | D:4      | Killed Sigmund
  2896 | D:4      | Identified the +9 long sword "Demonslayer" {protect, rElec
                  | rC+ Int-5 Dex+2}
  3135 | D:4      | Reached XP level 7. HP: 62/62 MP: 6/6
  3789 | D:4      | Reached *** piety under Trog
  3791 | D:4      | Reached skill level 5 in Armour
  4163 | D:4      | Noticed a wyvern
  4176 | D:4      | Killed a wyvern
  4568 | D:5      | Entered Level 5 of the Dungeon
  4598 | D:5      | Found an iron altar of Okawaru.
  4782 | D:5      | Reached XP level 8. HP: 42/71 MP: 7/7
  5003 | D:5      | Found the +7 Singing Sword {vorpal, sonic wave}
  5202 | D:5      | Found an ancient bone altar of Kikubaaqudgha.
  5204 | D:5      | Noticed Menkaure
  5207 | D:5      | Found a transporter.
  5218 | D:5      | Found a transporter.
  5358 | D:5      | Found a basalt altar of Yredelemnul.
  5526 | D:5      | Reached skill level 1 in Long Blades
  5778 | D:5      | Killed Menkaure
  5779 | D:5      | Reached skill level 2 in Long Blades
  5928 | D:6      | Reached skill level 3 in Long Blades
  5935 | D:6      | Reached XP level 9. HP: 75/80 MP: 8/8
  6059 | D:6      | Reached skill level 4 in Long Blades
  6144 | D:6      | Reached skill level 5 in Long Blades
  6330 | D:6      | Reached **** piety under Trog
  6397 | D:6      | Reached skill level 6 in Long Blades
  6672 | D:7      | Found a staircase to the Ecumenical Temple.
  6680 | D:7      | Reached skill level 7 in Long Blades
  7465 | D:7      | Reached skill level 8 in Long Blades
  7649 | D:7      | Reached XP level 10. HP: 78/90 MP: 9/9
  7756 | D:8      | Found Xedyaxos's Antique Weapon Shop.
  7787 | D:8      | Bought a steaming rapier for 207 gold pieces
  7787 | D:8      | Identified the +5 rapier "Mewyu" {flame, Fragile rN+++
                  | rCorr Str-2} (You bought it in a shop on level 8 of the
                  | Dungeon)
  7899 | D:8      | Reached skill level 9 in Long Blades
  8076 | D:8      | Found Siog's Armour Shoppe.
  8234 | D:8      | Reached ***** piety under Trog
  8303 | D:8      | Found Retuet's Book Boutique.
  8322 | D:8      | Reached skill level 10 in Long Blades
  8382 | D:8      | Noticed Harold
  8391 | D:8      | Killed Harold
  8453 | D:8      | Reached skill level 10 in Armour
  8542 | D:8      | Found Rerag's Book Boutique.
  8840 | D:9      | Found a staircase to the Orcish Mines.
  8850 | D:9      | Reached skill level 10 in Axes
  8862 | D:9      | Reached skill level 11 in Long Blades
  9047 | D:9      | Reached XP level 11. HP: 57/97 MP: 10/10
  9178 | D:9      | Reached skill level 12 in Long Blades
  9178 | D:9      | Found a staircase to the Lair.
  9234 | D:9      | Received a gift from Trog
  9526 | D:9      | Noticed a two-headed ogre
  9532 | D:9      | Killed a two-headed ogre
 10019 | Lair:1   | Entered Level 1 of the Lair of Beasts
 10149 | Lair:1   | Noticed Sonja
 10154 | Lair:1   | Killed Sonja
 10155 | Lair:1   | Reached skill level 10 in Fighting
 10155 | Lair:1   | Reached skill level 13 in Long Blades
 10161 | Lair:1   | Noticed Grum
 10181 | Lair:1   | Killed Grum
 11044 | Lair:2   | Noticed Maggie
 11058 | Lair:2   | Killed Maggie
 11196 | Lair:2   | Noticed Erica
 11204 | Lair:2   | Killed Erica
 11297 | Lair:2   | Reached XP level 12. HP: 102/106 MP: 11/11
 11304 | Lair:2   | Reached skill level 14 in Long Blades
 11423 | Lair:2   | Identified the +4 quarterstaff of Soleq {holy, rN+}
 11681 | Lair:2   | Received a gift from Trog
 12090 | Lair:2   | Reached skill level 15 in Long Blades
 12144 | Lair:2   | Found a staircase to the Swamp.
 12493 | Lair:2   | Splashed by an oklob plant's acid

Illustrated notes

Levels and vault maps discovered:
D:1:      dpeg_arrival_ratfight, layout_basic
D:2:      layout_loops_ring, serial_shops, nicolae_shop_stone,
          dreamdust_ecumenical_altar_angels_and_demons, minmay_domino_2
D:3:      minmay_door_path, layout_loops_ring
D:4:      layout_layer_cave, uniq_sigmund, uniq_edmund
D:5:      old_forge, layout_basic, gammafunk_temple_of_torment, okawaru_trees_2,
          uniq_menkaure
D:6:      layout_loops_ring, grunt_tough_drop
D:7:      minmay_s_stair_smasher, layout_basic, minmay_temple_entry_junction,
          st_stairs_8
D:8:      layout_basic, serial_undead, serial_undead_b, serial_undead_e,
          serial_undead_c, serial_undead_b, serial_undead_a, serial_undead_f,
          serial_shops, shop, shop, shop, kennysheep_mini_moat, uniq_harold
D:9:      layout_roguey, minmay_lair_entry_grove, zombieorc2_lemuel,
          nicolae_underground_beach
Lair:1:   layout_hall_layers, grunt_megastairs_4, uniq_grum, uniq_sonja
Lair:2:   regret_index_harrowing_hell_hive, layout_regular_city,
          minmay_swamp_entry_worms, uniq_maggie, uniq_erica

Skill      XL: |  1  2  3  4  5  6  7  8  9 10 11 12 |
---------------+-------------------------------------+-----
Axes           | 4 5 6 7 8 9 10 11 | 11.3
Fighting       | 4 5 6 7 8 9 10 11 | 11.3
Armour         | 3 4 6 8 9 10 11 12 | 12.4
Dodging        | 3 |  3.1
Long Blades    | 3 8 11 13 15 | 15.0

Action                   |  1- 3 |  4- 6 |  7- 9 | 10-12 || total
-------------------------+-------+-------+-------+-------++-------
Melee: Hand axe          |    94 |    61 |    92 |       ||   247
       Headbutt          |    10 |    10 |    35 |    51 ||   106
       Double sword      |       |       |   116 |   329 ||   445
Invok: Berserk           |     1 |     3 |     3 |     6 ||    13
       Trog's Hand       |       |     1 |     4 |     6 ||    11
  Use: Potion            |       |       |     1 |       ||     1
       Scroll            |       |       |       |    10 ||    10
Armor: Animal skin       |     8 |       |       |       ||     8
       Chain mail        |    12 |    22 |    49 |       ||    83
       Plate armour      |       |       |    58 |   140 ||   198
Dodge: Dodged            |    56 |    40 |   128 |   166 ||   390
       Rpst.: Double sword |       |       |    18 |    33 ||    51
